AoeStats
← Degausser

Arabia

509940187Analyzed
1v1 RM · 5d ago on Sep 28, 2026· 61m 35s· 2 players
Game mode
Random Map
Map size
Tiny (2 player)
Population
200
Speed
Normal
Resources
Standard
Victory
Conquest
Starting age
Dark Age
Ending age
Imperial Age
RankedLock teamsTeams togetherTeam positionsShared explorationLock speedFull tech treeHidden civsTurbo modeCheats
Victory
Defeat
🇵🇱 Ethiopians · Poland
971
+31
🇨🇿 Bengalis · Czechia
938
-14
MrPaul
6:46 Loom
9:51 Feudal Age
10:54 Double-Bit Axe
11:07 Horse Collar
15:52 Fletching
16:04 Padded Archer Armor
22:17 Castle Age
20:24 Scale Barding Armor
22:18 Elite Skirmisher
23:02 Bodkin Arrow
23:11 Gold Mining
23:59 Wheelbarrow
25:06 Leather Archer Armor
25:25 Hand Cart
24:56 Town Watch
31:08 Gold Shaft Mining
34:24 Imperial Age
33:22 Town Patrol
34:35 Paiks
35:33 Ballistics
36:55 Chemistry
38:00 Murder Holes
39:20 Bracer
39:50 Ring Archer Armor
41:18 Chain Barding Armor
41:41 Elite Elephant Archer
43:40 Pikeman
44:21 Squires
44:07 Arson
44:08 Gambesons
44:54 Bow Saw
44:51 Heavy Plow
45:50 Halberdier
51:58 Plate Barding Armor
51:56 Forging
51:46 Scale Mail Armor
55:47 Iron Casting
55:27 Chain Mail Armor
57:37 Blast Furnace
Degausser
7:09 Loom
10:34 Feudal Age
11:08 Horse Collar
11:16 Double-Bit Axe
13:23 Fletching
22:00 Castle Age
20:02 Stone Mining
20:15 Padded Archer Armor
22:40 Bodkin Arrow
23:29 Leather Archer Armor
22:39 Crossbowman
26:03 Heavy Plow
27:52 Bow Saw
28:53 Scale Mail Armor
29:31 Forging
32:02 Wheelbarrow
31:16 Town Watch
34:41 Imperial Age
33:24 Iron Casting
33:21 Ballistics
33:44 Hand Cart
33:36 Town Patrol
34:48 Husbandry
34:09 Light Cavalry
35:26 Scale Barding Armor
36:26 Chemistry
35:50 Conscription
36:35 Blast Furnace
35:54 Hussar
40:00 Chain Barding Armor
39:42 Bracer
39:52 Thumb Ring
40:09 Arbalester
42:39 Theocracy
42:22 Fervor
42:47 Sanctity
43:24 Chain Mail Armor
43:11 Murder Holes
43:38 Siege Engineers
58:44 Stone Shaft Mining
Connection lost

Rejoining the realm…

Still unreachable

The connection could not be restored.

Session expired

The server has moved on; the page needs a fresh start.